Map: King Sejong Station LE

Players

Pokebunny

  • Race: Terran Terran
  • League: Master

RuFF - Winner!

  • Race: Terran Terran
  • League: Grandmaster

Event: Cheesadelphia Summer 2016

VOD

Have the link to the VOD?

Description

Time

  • Played on: July 24, 2016, 2:58 p.m.
  • Length: 9:01

All games in this series

Show
View Real Time Build Order
Export as new Build Order

Pokebunny Terran 

Build Orders: 1/1/1, Liberator Opening 

Get SALT Encoding   

  12  0:00  SCV  
  13  0:12  SCV  
  14  0:17  Supply Depot  
  14  0:24  SCV  
  15  0:30  Refinery  
  15  0:39  SCV  
  16  0:44  Barracks  
  16  0:51  SCV  
  17  0:57  Refinery  
  17  1:03  SCV  
  18  1:15  SCV  
  19  1:32  Factory, Orbital Command  
  19  1:35  Reaper  
  20  1:50  Supply Depot  
  20  1:58  SCV  
  21  2:08  Reaper  
  22  2:10  SCV  
  23  2:17  Starport  
  23  2:20  Hellion  
  26  2:30  Supply Depot, SCV  
  26  2:36  Liberator  
  26  2:40  Reaper  
  26  2:42  Hellion  
  28  2:52  SCV  
  32  3:03  Hellion  
  32  3:04  SCV  
  35  3:18  Reaper  
  35  3:19  SCV  
  37  3:29  Hellion  
  39  3:36  Command Center  
  39  3:50  Viking  
  32  3:57  Reaper  
  32  3:58  Hellion  
  35  4:03  Barracks  
  35  4:04  Supply Depot  
  35  4:17  Engineering Bay  
  35  4:21  Hellion  
  35  4:23  SCV  
  38  4:29  Reaper  
  37  4:34  Supply Depot  
  36  4:49  Orbital Command  
  33  4:57  Marine  
  33  4:58  Hellion  
  19  5:12  Missile Turret  
  11  5:23  SCV  
  10  5:47  SCV  
  10  6:07  SCV  
  5  7:25  Orbital Command  
  3  7:48  Marine  
  4  8:06  SCV  
Show
View Real Time Build Order
Export as new Build Order

RuFF Terran - Winner!

Build Orders: 1/1/1, Hellion Banshee 

Get SALT Encoding   

  12  0:00  SCV  
  13  0:12  SCV  
  14  0:18  Supply Depot  
  14  0:25  Refinery  
  14  0:27  SCV  
  15  0:42  Barracks  
  15  0:46  SCV  
  16  0:58  SCV  
  17  1:10  SCV  
  18  1:22  SCV  
  19  1:29  Factory  
  19  1:31  Marine  
  20  1:35  Orbital Command  
  20  1:49  Barracks Reactor  
  20  1:54  Supply Depot  
  20  2:02  SCV  
  21  2:14  SCV  
  22  2:17  Supply Depot  
  22  2:22  Starport  
  22  2:26  SCV  
  27  2:30  Hellion x2  
  27  2:38  SCV  
  27  2:39  Supply Depot  
  28  2:50  SCV  
  29  2:55  Hellion x2  
  33  3:03  Starport Tech Lab  
  33  3:07  SCV  
  33  3:20  Hellion x2, SCV  
  33  3:21  Cloaking Field  
  36  3:33  SCV  
  37  3:35  Engineering Bay  
  37  3:41  Hellion x2  
  37  3:45  Banshee  
  42  3:55  SCV  
  42  3:59  Refinery  
  42  4:02  Missile Turret x2  
  42  4:13  Missile Turret  
  28  5:05  Banshee  
  13  5:43  Orbital Command  
  13  5:48  Viking  
  15  5:53  Marine  
  12  6:28  Marine  
  10  6:46  Marine  
  10  6:49  Hellion, Orbital Command  
  11  7:04  Marine  
  8  7:38  Missile Turret  
  8  7:45  SCV  
  9  7:53  Marine  
  9  7:57  SCV  
  11  8:09  SCV  
  11  8:11  Marine  
  10  8:21  SCV  
  10  8:29  Marine  
Tags
 
Add a new tag
Caveats
  • Supply blocks, unpowered buildings, or Contaminate may cause inaccurate times.
  • Supply counts are checked every 10 seconds.